Map: Blackburn LE

Players

Style

  • Race: Protoss Protoss
  • League: Master

Richard - Winner!

  • Race: Zerg Zerg
  • League: Master

VOD

https://sc2casts.com/cast30813-Trap-vs-Dark-BO5-in-1-video-2022-IEM-Katowice-Round-of-12

Description

Dark vs Trap IEM. Here is my attempt at coming up with what the build order would look like in general, not just this specific game vs Trap

- The Dark vs Trap game was pre-patch, however I think it's stronger post patch
- I believe it's meant vs Double Stargate, but I think it can work vs single Stargate
- I don't think that the opener matters too much. Whether you play Hatch first, Pool first, 30 supply 3rd hatch, 20 supply 3rd Hatch, it can all work with this build.
- Once you're at 2 base mineral saturation + 1 gas filled prioritize making constant Queens from all 3 bases
- 4:00 Lair + 2nd Gas
- 4:45 Overlord Speed (other than Lair & Overlord Speed, Hatcheries should always be making Queens afaik)
- @Lair: 2 Dropperlords + send Queens across map + Nydus (Try to have lings harassing/poking around at the 3rd to distract the opponent)
- Next 50 gas: Bane Nest
- Dropperlords catch up to 6~7 Queens, load the Queens into the dropperlords & head for the opponent's main base
- Once you have vision of the main drop the Nydus there & then unload the 6~7 Queens to protect the Nydus. After dropping out the Queens have the overlords poop creep so that you can transfuse. At home load Queens + 2~3 drones (to make spores/spines) & set the rally point of Hatcheries to the Nydus so that all lings are reinforced through the Nydus
- Morph Banes offensively or defensively as needed

Time

  • Played on: March 21, 2022, 10:58 p.m.
  • Length: 6:43
Show
View Real Time Build Order
Export as new Build Order

Style Protoss 

Build Orders: 1 Gate Expand 

Get SALT Encoding   

  12  0:00  Probe  
  13  0:12  Probe  
  14  0:19  Pylon  
  14  0:24  Probe  
  15  0:37  Probe (Chrono Boost)  
  16  0:44  Gateway  
  16  0:49  Assimilator  
  17  0:50  Probe (Chrono Boost)  
  17  0:58  Probe (Chrono Boost)  
  18  1:04  Probe  
  19  1:16  Probe  
  20  1:27  Nexus  
  20  1:35  Cybernetics Core  
  20  1:37  Probe  
  21  1:46  Assimilator  
  21  1:50  Probe (Chrono Boost)  
  21  1:52  Pylon  
  23  2:01  Probe (Chrono Boost)  
  23  2:08  Probe (Chrono Boost)  
  23  2:14  Stalker  
  26  2:20  Probe  
  27  2:28  Stargate  
  27  2:32  Probe  
  27  2:36  Warp Gate  
  28  2:40  Probe (Chrono Boost)  
  29  2:44  Probe (Chrono Boost)  
  30  2:52  Probe (Chrono Boost)  
  30  2:56  Probe (Chrono Boost)  
  32  3:00  Probe (Chrono Boost)  
  32  3:01  Probe (Chrono Boost)  
  32  3:05  Adept  
  36  3:06  Probe  
  36  3:10  Probe  
  42  3:14  Pylon  
  42  3:17  Void Ray  
  42  3:21  Gateway  
  42  3:24  Probe x2  
  44  3:36  Probe x2  
  46  3:41  Pylon  
  46  3:45  Adept  
  46  3:48  Probe  
  49  3:49  Probe  
  50  4:00  Probe (Chrono Boost)  
  50  4:01  Nexus  
  51  4:03  Shield Battery  
  51  4:05  Probe (Chrono Boost)  
  51  4:09  Assimilator  
  52  4:12  Probe (Chrono Boost)  
  52  4:14  Probe (Chrono Boost)  
  54  4:17  Assimilator, Probe (Chrono Boost)  
  54  4:19  Probe (Chrono Boost)  
  56  4:26  Probe  
  56  4:29  Stargate  
  56  4:31  Probe  
  62  4:40  Pylon, Void Ray  
  62  4:44  Pylon  
  62  4:47  Protoss Air Weapons Level 1  
  62  4:51  Pylon  
  62  4:58  Pylon, Probe x2 (Chrono Boost)  
  64  5:10  Probe x2 (Chrono Boost)  
  70  5:15  Forge  
  70  5:18  Void Ray, Probe x2 (Chrono Boost)  
  70  5:19  Twilight Council  
  70  5:20  Probe (Chrono Boost)  
  73  5:21  Shield Battery  
  73  5:24  Probe  
  74  5:29  Probe  
  74  5:32  Probe  
  76  5:37  Probe  
  76  5:39  Zealot x2  
  76  5:42  Gateway, Probe  
  82  5:45  Gateway  
  82  5:52  Shield Battery  
  82  5:53  Shield Battery  
  82  5:55  Shield Battery  
  86  6:01  Zealot x2  
  86  6:02  Void Ray  
  90  6:06  Pylon  
  90  6:12  Probe  
  95  6:28  Zealot x2  
  96  6:38  Zealot  
Show
View Real Time Build Order
Export as new Build Order

Richard Zerg - Winner!

Build Orders: Hatch First 

Get SALT Encoding   

  12  0:00  Drone  
  13  0:12  Overlord  
  13  0:17  Drone  
  14  0:30  Drone x2  
  16  0:50  Hatchery  
  16  0:53  Drone  
  17  0:57  Drone  
  17  1:00  Drone  
  18  1:10  Extractor  
  17  1:17  Spawning Pool  
  16  1:20  Drone  
  16  1:24  Drone  
  18  1:27  Drone  
  19  1:38  Drone  
  20  1:49  Overlord  
  20  2:04  Queen x2  
  20  2:05  Drone, Zergling x2  
  26  2:11  Drone  
  26  2:12  Drone  
  28  2:17  Metabolic Boost  
  28  2:22  Drone  
  29  2:26  Drone  
  30  2:43  Hatchery  
  29  2:47  Drone x2  
  31  2:51  Queen  
  31  2:57  Overlord  
  33  3:01  Drone  
  33  3:02  Drone  
  33  3:03  Drone  
  36  3:09  Overlord  
  36  3:19  Drone  
  37  3:20  Drone  
  37  3:23  Drone x4  
  42  3:27  Queen  
  42  3:32  Overlord  
  44  3:39  Drone x2  
  46  3:42  Queen  
  46  3:46  Overlord  
  48  3:49  Drone  
  49  3:57  Zergling x2  
  49  3:58  Zergling x2  
  49  3:59  Queen  
  53  4:03  Drone x4  
  53  4:04  Drone x2  
  53  4:09  Lair  
  58  4:17  Drone  
  58  4:18  Drone x3  
  58  4:19  Extractor  
  58  4:22  Spore Crawler, Overlord  
  60  4:26  Queen  
  60  4:29  Zergling x2  
  60  4:30  Zergling x2  
  64  4:39  Overlord x2  
  64  4:43  Zergling x12  
  70  4:51  Pneumatized Carapace  
  70  4:53  Overlord x2  
  70  5:01  Zergling x14  
  70  5:05  Queen  
  79  5:12  Zergling x6  
  82  5:20  Nydus Network, Zergling x8  
  85  5:30  Overlord x2  
  85  5:32  Zergling x4  
  85  5:34  Baneling Nest  
  85  5:35  Zergling x6  
  89  5:52  Zergling x14  
  96  6:05  Nydus Canal  
  96  6:06  Zergling x6  
  95  6:13  Zergling x4  
  95  6:18  Overseer  
  100  6:20  Zergling x10  
  100  6:21  Zergling x2  
Tags
 
Add a new tag
Caveats
  • Supply blocks, unpowered buildings, or Contaminate may cause inaccurate times.
  • Supply counts are checked every 10 seconds.